AoeStats
← MatzeAoE

Enclosed

506203671Analyzed
1v1 RM · 20d ago on Sep 12, 2026· 30m 12s· 2 players
Game mode
Random Map
Map size
Tiny (2 player)
Population
200
Speed
Normal
Resources
Standard
Victory
Conquest
Starting age
Dark Age
Ending age
Imperial Age
RankedLock teamsTeams togetherTeam positionsShared explorationLock speedFull tech treeHidden civsTurbo modeCheats
Victory
Defeat
🇲🇦 Bohemians · Morocco
2189
+13
🇩🇪 Lithuanians · Germany
2117
-13
MatzeAoE
5:08 Loom
27:38 Feudal Age
Nobody
6:35 Loom
9:25 Feudal Age
13:22 Fletching
14:56 Padded Archer Armor
22:47 Double-Bit Axe
31:26 Castle Age
Connection lost

Rejoining the realm…

Still unreachable

The connection could not be restored.

Session expired

The server has moved on; the page needs a fresh start.